 Dungeon Crawl Stone Soup version 0.20.1-1-g8b1a95d (webtiles) character file.

1117 Linguinho the Chopper (level 8, -5/61 HPs)
             Began as a Demonspawn Fighter on Nov 11, 2017.
             Slain by an ogre
             ... wielding a +0 giant club
              (20 damage)
             ... on level 4 of the Dungeon.
             The game lasted 00:10:05 (4634 turns).

Linguinho the Chopper (Demonspawn Fighter)          Turns: 4634, Time: 00:10:06

Health: -5/61      AC: 12    Str: 18 (20) XL:     8   Next: 12%
Magic:  8/8        EV: 10    Int:  8 (9)  God:
Gold:   222        SH:  0    Dex:  7 (12) Spells: 7/7 levels left

rFire    . . .     SeeInvis .   q - +2 quarterstaff (chaos)
rCold    . . .     Gourm    .   (shield currently unavailable)
rNeg     + . .     Faith    .   k - +0 scale mail (curse)
rPois    .         Spirit   .   x - +0 helmet
rElec    .         Reflect  .   t - +2 cloak
rCorr    .         Harm     .   (no gloves)
MR       .....                  (no boots)
Stlth    ..........             (no amulet)
Regen    0.2/turn               s - ring of positive energy
MPRegen  0.2/turn               (no ring)

@: no status effects
A: talons 2, rugged brown scales 1, rot immunity
a: no special abilities


You were on level 4 of the Dungeon.
You were hungry.

You visited 1 branch of the dungeon, and saw 4 of its levels.
You also visited: Sewer.

You collected 222 gold pieces.

Inventory:

Hand Weapons
 a - a +0 war axe
 q - a +2 quarterstaff of chaos (weapon)
 r - a +2 short sword of protection
Armour
 b - a +0 scale mail
 c - a +0 shield
 k - a cursed +0 scale mail (worn)
 t - a +2 cloak (worn)
 x - a +0 helmet (worn)
Jewellery
 s - a ring of positive energy (left hand)
 v - an uncursed ring of positive energy
 w - an uncursed ring of ice {unknown}
Wands
 y - a wand of digging (13/24)
Scrolls
 d - a scroll of remove curse {unknown}
 h - a scroll of torment {unknown}
 l - a scroll of noise {unknown}
 n - 5 scrolls of identify {unknown}
 o - a scroll of amnesia
 p - 3 scrolls of enchant armour {unknown}
 u - a scroll of blinking {unknown}
Potions
 e - a potion of heal wounds
 g - 2 potions of agility
 m - 2 potions of flight {unknown}
Comestibles
 f - 3 bread rations
 i - 4 royal jellies
 j - 3 meat rations


   Skills:
 + Level 4.0 Fighting
 + Level 0.3 Short Blades
 + Level 5.6 Axes
 + Level 1.4 Staves
 + Level 4.8 Armour
 + Level 2.0 Dodging
 + Level 1.1 Stealth
 + Level 4.5 Shields


You had 7 spell levels left.
You didn't know any spells.

Dungeon Overview and Level Annotations

Branches:
Dungeon (4/15)             Temple (0/1) D:4

Altars:
Elyvilon
Hepliaklqana
Kikubaaqudgha
Yredelemnul


Innate Abilities, Weirdness & Mutations

You have razor-sharp toenails.
You are partially covered in rugged brown scales. (AC +1, +3% HP)
You are immune to rotting.


Message History

a dagger; a robe
Things that are here:
a dagger; a robe
Items here: ))) [[[ ††††
Okay, then.
An ogre comes into view. It is wielding a giant club.
An ogre is nearby!
You are feeling hungry.
The ogre shouts!
The ogre hits you with a giant club!!
You sock the ogre!
The ogre flickers and vanishes!
Deactivating autopickup; reactivate with Ctrl-A.
No target in view!
No target in view!
No target in view!
You barely miss something. Your kick misses something. Something hits you!
You sock something! You claw something. Something hits you!
* * * LOW HITPOINT WARNING * * *
You closely miss something. Something hits you!!
You die...

## .. ######## .#
#......# .#
#...^..###.######
#........@.......
#......###{###...
### #.......# ...
..## #.......#
#### ...##
##..###.# ....##
#..# #.# .....#
#..# #.# ....##
#.####.# ##+# #
...## #[)....#
##...## .


There were no monsters in sight!

Vanquished Creatures
  Grinder (Sewer)
  A phantom (D:4)
  2 big kobolds (Sewer)
  A scorpion (D:4)
  A howler monkey (D:4)
  A quasit (Sewer)
  2 orc wizards (D:4)
  Crazy Yiuf (D:3)
  Terence (D:2)
  A worker ant (D:4)
  3 big kobold zombies (Sewer)
  14 adders
  7 gnolls
  3 shadow imps (Sewer)
  2 oozes
  2 ufetubi (Sewer)
  An adder zombie (Sewer)
  4 worms
  3 dart slugs
  2 leopard geckos
  15 orcs
  A bat zombie (Sewer)
  7 giant cockroaches
  5 hobgoblins
  10 jackals
  18 kobolds
  A quokka (D:2)
  A ball python skeleton (D:4)
  5 bats
  5 frilled lizards
  7 goblins
  4 rats
  3 fungi (D:3)
135 creatures vanquished.

Vanquished Creatures (others)
  A kobold zombie (Sewer)
1 creature vanquished.

Grand Total: 136 creatures vanquished

Notes
Turn   | Place    | Note
-------+----------+-------------------------------------------
     0 | D:1      | Linguinho the Demonspawn Fighter began the quest for the Orb.
     0 | D:1      | Reached XP level 1. HP: 18/18 MP: 1/1
   181 | D:1      | Gained mutation: You are immune to rotting. [demonic ancestry]
   181 | D:1      | Reached XP level 2. HP: 24/24 MP: 2/2
   246 | D:1      | Reached skill level 2 in Axes
   616 | D:1      | Gained mutation: You have sharp toenails. [demonic ancestry]
   616 | D:1      | Reached XP level 3. HP: 29/29 MP: 3/3
   974 | D:2      | Found a white marble altar of Elyvilon.
  1124 | D:2      | Found a hazy altar of Hepliaklqana.
  1162 | D:2      | Gained mutation: You are partially covered in rugged brown scales. (AC +1, +3% HP) [demonic ancestry]
  1162 | D:2      | Reached XP level 4. HP: 21/36 MP: 4/4
  1175 | D:2      | Reached skill level 3 in Axes
  1648 | D:2      | Noticed Terence
  1658 | D:2      | Killed Terence
  1658 | D:2      | Reached XP level 5. HP: 39/42 MP: 5/5
  1672 | D:2      | Found an ancient bone altar of Kikubaaqudgha.
  1912 | D:3      | Found a glowing drain.
  1951 | D:3      | Reached skill level 4 in Axes
  1954 | D:3      | Gained mutation: You have razor-sharp toenails. [demonic ancestry]
  1954 | D:3      | Reached XP level 6. HP: 16/48 MP: 6/6
  1956 | D:3      | Reached skill level 1 in Dodging
  1962 | Sewer    | Entered a sewer
  2379 | Sewer    | Found a burning altar of Makhleb.
  2544 | Sewer    | Noticed Grinder
  2552 | Sewer    | Paralysed by Grinder for 2 turns
  3001 | Sewer    | Paralysed by Grinder for 4 turns
  3012 | Sewer    | Killed Grinder
  3012 | Sewer    | Reached skill level 5 in Axes
  3012 | Sewer    | Reached XP level 7. HP: 25/54 MP: 7/7
  3426 | D:3      | Found a basalt altar of Yredelemnul.
  3652 | D:3      | Found a runed door.
  3656 | D:3      | Noticed Crazy Yiuf
  3667 | D:3      | Killed Crazy Yiuf
  4367 | D:4      | Found a staircase to the Ecumenical Temple.
  4456 | D:4      | Reached skill level 1 in Stealth
  4456 | D:4      | Reached XP level 8. HP: 50/61 MP: 8/8
  4596 | D:4      | Reached skill level 1 in Staves
  4634 | D:4      | Slain by an ogre

Skill      XL: |  1  2  3  4  5  6  7  8 |
---------------+-------------------------+-----
Shields        | 3 4 |  4.5
Axes           | 2 3 4 5 |  5.6
Armour         | 3 4 |  4.8
Dodging        | 1 2 |  2.0
Fighting       | 4 |  4.0
Stealth        | 1 |  1.1
Staves         | 1 |  1.4
Short Blades   | |  0.3

Action                   |  1- 3 |  4- 6 |  7- 9 || total
-------------------------+-------+-------+-------++-------
Melee: War axe           |   105 |   223 |    75 ||   403
       Kick              |     8 |    53 |    24 ||    85
       Short sword       |       |    16 |       ||    16
       Quarterstaff      |       |       |    60 ||    60
  Use: Potion            |       |     8 |       ||     8
       Scroll            |       |     3 |       ||     3
 Stab: Paralysed         |       |       |     3 ||     3
  Eat: Chunk             |       |     6 |     2 ||     8
       Bread ration      |       |       |     1 ||     1
Armor: Scale mail        |    56 |   124 |    95 ||   275
Dodge: Dodged            |    40 |    86 |    54 ||   180
Block: Shield            |    67 |   155 |    39 ||   261
